 Dungeon Crawl Stone Soup version 0.16.2-2-g470672f (webtiles) character file.

483 CrazyArbalest the Bolt Thrower (level 6, -3/51 HPs)
             Began as a Centaur Hunter on Aug 21, 2015.
             Slain by a giant frog (6 damage)
             ... in a sewer.
             The game lasted 00:26:06 (6022 turns).

CrazyArbalest the Bolt Thrower (Centaur Hunter)     Turns: 6022, Time: 00:26:06

Health: -3/51      AC:  5    Str: 15    XL:     6   Next: 87%
Magic:  5/5        EV:  9    Int: 10    God:
Gold:   202        SH:  0    Dex: 11    Spells: 0 memorised, 5 levels left

rFire  . . .     SeeInvis .     b - +1 hand crossbow
rCold  . . .     Clarity  .     l - +0 ring mail
rNeg   . . .     SustAb   .     (no shield)
rPois  .         Gourm    .     (no helmet)
rElec  .         Spirit   .     (no cloak)
rCorr  .         Warding  .     (no gloves)
rMut   .         Stasis   .     (no barding)
MR     .....                    (no amulet)
Stlth  ..........               (no ring)
                                (no ring)

@: very quick, not resistant to hostile enchantments, extremely unstealthy
A: hooves 3, deformed body, speed 2, tough skin 3
a: no special abilities


You were in a sewer.
You were not hungry.

You visited 1 branch of the dungeon, and saw 4 of its levels.
You also visited: Sewer.

You collected 202 gold pieces.

Inventory:

Hand weapons
 a - a +0 whip
 b - a +1 hand crossbow (weapon)
 w - a +0 whip
 F - a +2 dagger of holy wrath
Missiles
 c - 24 bolts (quivered)
Armour
 d - a +0 leather armour
 l - a +0 ring mail (worn)
 x - a cursed +0 scale mail
Jewellery
 i - a cursed amulet of inaccuracy {unknown}
Magical devices
 y - a wand of digging (5)
Scrolls
 e - 2 scrolls of remove curse {unknown}
 h - a scroll of teleportation {unknown}
 k - 6 scrolls of identify {unknown}
 t - a scroll of fog {unknown}
 u - 2 scrolls of magic mapping {unknown}
 A - 2 scrolls of random uselessness {unknown}
 C - a scroll of recharging {unknown}
 I - a scroll of fear {unknown}
Potions
 g - a potion of restore abilities
 j - 2 potions of resistance {unknown}
 m - 2 potions of curing {unknown}
 n - a potion of lignification {unknown}
 p - a potion of agility {unknown}
 q - 2 potions of magic {unknown}
 v - a potion of might {unknown}
 B - a potion of haste {unknown}
 D - a potion of brilliance {unknown}
 E - a potion of poison {unknown}
Books
 H - a book of Conjurations

   Spells                             Type                      Level
   a - Magic Dart                     Conjuration                  1
   b - Searing Ray                    Conjuration                  2
   c - Dazzling Spray                 Conjuration/Hexes            3
   d - Fulminant Prism                Conjuration/Hexes            4
   e - Iskenderun's Mystic Blast      Conjuration                  4
   f - Iskenderun's Battlesphere      Conjuration/Charms           5
Miscellaneous
 G - a plain deck of war
Comestibles
 f - 4 bread rations
 o - a meat ration
 s - a slice of pizza
 z - a beef jerky


   Skills:
 + Level 3.5 Fighting
 + Level 0.1 Short Blades
 + Level 1.8 Maces & Flails
 * Level 6.3 Crossbows
 + Level 2.1 Armour
 + Level 2.6 Dodging
 + Level 0.6 Stealth


You had 5 spell levels left.
You didn't know any spells.

Dungeon Overview and Level Annotations

Branches:
Dungeon (4/15)
 Temple: D:4-7

Altars:
Nemelex Xobeh
Sif Muna
The Shining One

Annotations:
D:3 CrazyArbalest's ghost, average CeHu


Innate Abilities, Weirdness & Mutations

You have hooves in place of feet.
Armour fits poorly on your strangely shaped body.
You cover ground very quickly.
You have extremely tough skin (AC +3).


Message History

Firing (i - inventory):
c - 26 bolts (quivered)
Press: ? - help, Shift-Dir - straight line, f/p - giant frog
Aim: a giant frog (heavily wounded)
You shoot a bolt. The bolt hits the giant frog.
The giant frog is heavily wounded.
The giant frog barely misses you.
Drink which item? (? for menu, Esc to quit)
Okay, then.
Firing (i - inventory):
c - 25 bolts (quivered)
Press: ? - help, Shift-Dir - straight line, f/p - giant frog
Aim: a giant frog (heavily wounded)
You shoot a bolt. The bolt barely misses the giant frog.
The giant frog hits you.
* * * LOW HITPOINT WARNING * * *
The giant frog hits you.
* * * LOW HITPOINT WARNING * * *
Drink which item? (? for menu, Esc to quit)
It was a potion of restore abilities.
You feel refreshed. The giant frog hits you.
You die...

#.∩.∩†.≈≈≈≈≈≈≈≈≈≈≈≈≈≈≈≈≈≈≈#
########..≈≈≈≈≈≈≈≈≈.#######
########≈≈≈≈≈#
###################≈≈≈≈≈#
................≈≈≈.≈≈≈≈#
≈≈≈≈≈≈≈≈≈≈≈≈≈≈≈≈≈≈≈≈≈≈≈.#
≈≈≈≈≈≈≈≈≈≈≈≈≈≈≈≈≈≈≈≈≈≈≈.#
≈≈≈≈≈≈≈≈≈≈≈≈≈≈≈≈≈≈≈≈≈≈≈≈#
≈≈≈≈≈≈≈≈(......F@≈.≈≈≈≈≈#
≈≈≈≈≈≈≈≈≈≈≈≈#######.≈≈≈.#
≈≈≈≈≈≈≈≈≈≈≈≈≈≈# #≈≈≈≈.#
≈≈≈≈≈≈≈≈≈≈≈≈≈≈# #.≈≈≈.#
≈≈.≈≈..≈≈≈≈≈≈≈≈# #.≈≈≈.#
≈≈≈?≈≈≈≈≈≈≈≈# #≈≈≈≈.#
≈.$[$.≈≈≈≈≈≈# #.≈≈≈.#
..!.≈≈≈≈≈≈≈# #≈≈≈≈.#
≈...≈≈≈≈≈≈# #≈≈≈≈.#


You could see a giant frog.

Vanquished Creatures
  2 giant frogs
  A giant frog skeleton (D:4)
  An iguana (D:4)
  Ijyb (D:3)
  Terence (D:2)
  2 river rats (D:4)
  7 giant mites
  7 adders
  3 worms
  2 giant geckos
  3 oozes
  An orc (D:3)
  3 ball pythons
  9 bats
  A bat zombie (D:3)
  13 giant cockroaches
  16 goblins
  10 hobgoblins
  5 giant newts
  8 jackals
  A jackal skeleton (D:2)
  11 kobolds
  10 rats
118 creatures vanquished.

Notes
Turn   | Place    | Note
--------------------------------------------------------------
     0 | D:1      | CrazyArbalest, the Centaur Hunter, began the quest for the Orb.
     0 | D:1      | Reached XP level 1. HP: 17/17 MP: 1/1
   136 | D:1      | Reached XP level 2. HP: 9/24 MP: 2/2
   400 | D:1      | Reached skill level 5 in Crossbows
  1213 | D:1      | Reached XP level 3. HP: 22/29 MP: 3/3
  1677 | D:2      | Found a glowing golden altar of the Shining One.
  2360 | D:2      | Noticed Terence
  2375 | D:2      | Killed Terence
  2375 | D:2      | Reached XP level 4. HP: 29/37 MP: 3/3
  2932 | D:3      | Noticed a giant frog
  3371 | D:3      | Killed a giant frog
  3371 | D:3      | Reached skill level 1 in Armour
  3371 | D:3      | Reached XP level 5. HP: 15/42 MP: 4/4
  3480 | D:3      | Noticed CrazyArbalest's ghost (average CeHu)
  3871 | D:3      | Noticed Ijyb
  3928 | D:3      | Killed Ijyb
  3928 | D:3      | Reached skill level 1 in Maces & Flails
  4392 | D:3      | Found a deep blue altar of Sif Muna.
  4651 | D:4      | Reached XP level 6. HP: 46/51 MP: 5/5
  4673 | D:4      | Found a sparkling altar of Nemelex Xobeh.
  5076 | D:4      | Reached skill level 6 in Crossbows
  5108 | D:4      | Found a glowing drain.
  5204 | Sewer    | Entered a sewer
  6021 | Sewer    | HP: 2/51 [giant frog (2)]
  6022 | Sewer    | Slain by a giant frog

Action                   |  1- 3 |  4- 6 || total
-------------------------+-------+-------++-------
Melee: Short sword       |   111 |       ||   111
       Whip              |    41 |   371 ||   412
 Fire: Hand crossbow     |    20 |    48 ||    68
  Use: Potion            |       |     1 ||     1
 Stab: Distracted        |       |     1 ||     1
  Eat: Chunk             |     3 |    11 ||    14
